 Dungeon Crawl Stone Soup version 0.27.1-34-g3ba077fa99 (webtiles) character file.

Game seed: 3080156593101829324

63 cbfl8 the Sneak (level 3, -1/33 HPs)
             Began as a Minotaur Delver on Jan 23, 2022.
             Succumbed to a scorpion's poison
             ... on level 4 of the Dungeon.
             The game lasted 00:00:43 (228 turns).

cbfl8 the Sneak (Minotaur Delver)                    Turns: 228, Time: 00:00:44

Health: -1/33      AC:  3    Str: 16    XL:     3   Next: 89%
Magic:  2/2        EV: 12    Int:  8    God:
Gold:   6          SH:  0    Dex: 11    Spells: 2/2 levels left

rFire    . . .     SeeInvis .   a - +0 hand axe
rCold    . . .     Faith    .   (no shield)
rNeg     . . .     Spirit   .   b - +0 leather armour
rPois    .         Reflect  .   (helmet restricted)
rElec    .         Harm     .   (no cloak)
rCorr    .         Rampage  .   (no gloves)
Will     .....                  (no boots)
Stlth    ++........             (no amulet)
HPRegen  0.11/turn              (no ring)
MPRegen  0.08/turn              (no ring)

@: lethally poisoned (-1 -> -6)
A: horns 2, retaliatory headbutt
a: no special abilities


You were on level 4 of the Dungeon.
You visited 1 branch of the dungeon, and saw 2 of its levels.

You collected 6 gold pieces.

Inventory:

Hand Weapons
 a - a +0 hand axe (weapon)
 j - a +0 short sword
Armour
 b - a +0 leather armour (worn)
Wands
 g - a wand of digging (3)
 i - a wand of polymorph (7)
Scrolls
 c - a scroll of fog
 d - a scroll of magic mapping
Potions
 f - a potion of haste
 h - a potion of degeneration {unknown}


   Skills:
 + Level 4.0 Fighting
 + Level 2.9 Axes
 + Level 0.4 Armour
 + Level 2.3 Dodging
 + Level 5.0 Stealth


You had 2 spell levels left.
You didn't know any spells.
Your spell library was empty.

Dungeon Overview and Level Annotations

Branches:
Dungeon (5/15)
 Temple: D:4-7

Altars:


Innate Abilities, Weirdness & Mutations

You have a pair of horns on your head.
You reflexively headbutt those who attack you in melee.


Message History

You kill the orc wizard!
Your Fighting skill increases to level 4!
Your Stealth skill increases to level 5!
You slash the orc!
You kill the orc!
A scorpion comes into view.
Items here: ))) [[ †.
There is a stone staircase leading down here.
The scorpion stings you but does no damage.
You climb downwards.
There is a stone staircase leading up here.
The scorpion stings you. The scorpion barely misses you.
You climb upwards.
There is a stone staircase leading down here.
You barely miss the scorpion. You headbutt the scorpion!
The scorpion is heavily wounded.
The scorpion stings you!
* * * LOW HITPOINT WARNING * * *
You are lethally poisoned!
The scorpion poisons you!
You hit the scorpion but do no damage. Your headbutt misses the scorpion.
The scorpion is heavily wounded.
* * * LOW HITPOINT WARNING * * *
You feel very sick. The scorpion closely misses you.
As you read the scroll of fear, it crumbles to dust.
You assume a fearsome visage.
The scorpion looks frightened!
* * * LOW HITPOINT WARNING * * *
You feel sick.
There is a lethal amount of poison in your body!
There is a lethal amount of poison in your body!
There is a lethal amount of poison in your body!
There is a lethal amount of poison in your body!
There is a lethal amount of poison in your body!
There is a lethal amount of poison in your body!
There is a lethal amount of poison in your body!
* * * LOW HITPOINT WARNING * * *
You feel sick.
Items here: ))) [[ †.
You die...

######
###.....#
#@......#
#)#.....#
#># ....#
#)# ...#
#.# ..#
#.# ##
#s. #[.
#..


You could see a scorpion (fleeing).

Vanquished Creatures
  A bullfrog skeleton (D:5)
  An orc wizard (D:4)
  4 orcs
  A kobold (D:4)
7 creatures vanquished.

Vanquished Creatures (others)
  A fungus (D:5)
1 creature vanquished.

Grand Total: 8 creatures vanquished

Notes
Turn   | Place    | Note
-------+----------+-------------------------------------------
     0 | D:5      | cbfl8 the Minotaur Delver began the quest for the Orb.
     0 | D:5      | Reached XP level 1. HP: 19/19 MP: 0/0
    33 | D:5      | Reached XP level 2. HP: 17/27 MP: 1/1
    33 | D:5      | Reached XP level 3. HP: 20/33 MP: 2/2
   208 | D:5      | Noticed a scorpion
   217 | D:4      | Reached skill level 5 in Stealth
   218 | D:4      | Noticed a scorpion
   227 | D:4      | HP: 1/33 [poisoned by a scorpion]
   228 | D:4      | Succumbed to a scorpion's poison

Illustrated notes

Levels and vault maps discovered:
D:4:      layout_basic, serial_bayou_pond_a, minmay_misc_feat_encased,
          hangedman_decor_opposing, kennysheep_flooded_box, roderic_batcave,
          minmay_misc_feat_plants, minmay_bisected, uniq_robin,
          uniq_blork_the_orc
D:5:      layout_loops_ring, mainiacjoe_overflow_boulevard,
          nicolae_overflow_crystal_walls, bh_walls_and_bars

Skill      XL: |  1  2  3 |
---------------+----------+-----
Fighting       | 4 |  4.0
Stealth        | 5 |  5.0
Axes           | |  2.9
Armour         | |  0.4
Dodging        | |  2.3

Action                   || total
-------------------------++-------
Melee: Hand axe          ||    21
       Headbutt          ||     3
  Use: Scroll            ||     1
Armor: Leather armour    ||     5
Dodge: Dodged            ||    18
